AoeStats
← [ALT F4] ElPrimoRitis

Black Forest

510613374Analyzed
2v2 RM · 2d ago on Oct 1, 2026· 52m 52s· 4 players
Game mode
Random Map
Map size
Medium (4 player)
Population
200
Speed
Normal
Resources
Standard
Victory
Conquest
Starting age
Dark Age
Ending age
Imperial Age
RankedLock teamsTeams togetherTeam positionsShared explorationLock speedFull tech treeHidden civsTurbo modeCheats
Victory
Defeat
🇹🇷 Varangians · Türkiye
887
+12
🇹🇷 Britons · Türkiye
864
+13
🇪🇸 Goths · Spain
804
-12
🇮🇱 Bohemians · Israel
800
-13
[ALT F4] ElPrimoRitis
0:26 Loom
14:59 Feudal Age
15:41 Double-Bit Axe
19:12 Castle Age
19:10 Forging
19:00 Scale Mail Armor
18:51 Fletching
18:43 Horse Collar
18:57 Stone Mining
34:10 Iron Casting
35:13 Anarchy
35:57 Bow Saw
36:39 Wheelbarrow
39:42 Imperial Age
38:18 Heavy Plow
38:06 Town Watch
38:35 Caravan
38:52 Chain Mail Armor
39:25 Hand Cart
39:21 Squires
39:44 Gold Mining
39:55 Bodkin Arrow
40:39 Perfusion
40:59 Conscription
41:40 Blast Furnace
40:41 Bracer
41:18 Ballistics
40:55 Murder Holes
fire.fox.7f
0:31 Loom
11:14 Feudal Age
18:52 Castle Age
17:25 Double-Bit Axe
17:22 Horse Collar
22:38 Heavy Plow
22:50 Bow Saw
23:36 Wheelbarrow
30:34 Imperial Age
29:12 Murder Holes
29:29 Fortified Wall
29:54 Ballistics
30:39 Chemistry
30:21 Caravan
33:13 Two-Man Saw
32:59 Fletching
33:09 Padded Archer Armor
33:57 Hand Cart
34:21 Masonry
35:17 Conscription
36:14 Wagenburg Tactics
37:32 Guilds
37:13 Pikeman
39:00 Bodkin Arrow
39:21 Leather Archer Armor
40:06 Siege Engineers
41:11 Town Watch
41:59 Architecture
41:05 Elite Skirmisher
42:27 Bracer
42:42 Leather Archer Armor
42:31 Scale Mail Armor
42:21 Arrowslits
42:49 Onager
44:35 Ring Archer Armor
47:05 Elite Hussite Wagon
47:55 Hussite Reforms
Baldemir
10:34 Feudal Age
12:13 Double-Bit Axe
12:38 Horse Collar
19:35 Castle Age
18:25 Padded Archer Armor
18:24 Fletching
20:58 Heavy Plow
21:10 Bow Saw
22:36 Wheelbarrow
22:02 Bodkin Arrow
22:09 Gold Mining
22:21 Stone Mining
23:43 Padded Archer Armor
23:52 Caravan
25:09 Gold Shaft Mining
26:45 Leather Archer Armor
29:28 Hand Cart
31:47 Imperial Age
30:47 Hand Cart
33:18 Fortified Wall
33:29 Ballistics
36:01 Chemistry
36:07 Two-Man Saw
35:16 Elite Longbowman
37:15 Yeomen
38:42 Arrowslits
39:35 Conscription
40:35 Bracer
41:05 Ring Archer Armor
45:05 Conscription
45:35 Conscription
46:33 Murder Holes
53:20 Warwolf
michelangelo
0:33 Loom
10:12 Feudal Age
11:05 Double-Bit Axe
13:45 Horse Collar
20:24 Castle Age
18:42 Stone Mining
20:06 Forging
20:01 Scale Mail Armor
20:35 Arson
20:54 Fletching
21:59 Bow Saw
23:05 Heavy Plow
26:21 Iron Casting
33:58 Imperial Age
33:46 Murder Holes
34:05 Fortified Wall
34:49 Wheelbarrow
35:45 Conscription
36:46 Caravan
37:35 Crop Rotation
37:10 Squires
38:43 Hand Cart
38:37 Elite Varangian Guard
39:06 Gambesons
39:39 Chain Mail Armor
42:47 Blast Furnace
41:56 Gothikon
45:00 Town Watch
45:48 Plate Mail Armor
47:08 Elite Jarl
49:07 Town Patrol
49:08 Bodkin Arrow
51:52 Two-Man Saw
Connection lost

Rejoining the realm…

Still unreachable

The connection could not be restored.

Session expired

The server has moved on; the page needs a fresh start.